 Dungeon Crawl Stone Soup version 0.30.0-13-g156ef70053 (webtiles) character file.

Game seed: 14722748189107786796

37 monsoonserge the Vexing (level 3, -1/28 HPs)
             Began as a Meteoran Hexslinger on May 17, 2023.
             Slain by a gnoll
             ... wielding a +0 whip
              (4 damage)
             ... on level 1 of the Dungeon.
             The game lasted 00:04:32 (627 turns).

monsoonserge the Vexing (Meteoran Hexslinger)        Turns: 627, Time: 00:04:33

Health: -1/28      AC:  3    Str: 11    XL:     3   Next: 85%
Magic:  14/15      EV: 17    Int: 17    God:
Gold:   52         SH:  0    Dex: 14    Spells: 3/4 levels left

rFire   . . .        a - +1 sling
rCold   . . .        (no shield)
rNeg    . . .        g - +0 leather armour
rPois   .            (no helmet)
rElec   .            (no cloak)
rCorr   .            (no gloves)
SInv    .            (no boots)
Will    .....        (no amulet)
Stlth   +            j - +5 ring of evasion
HPRegen 0.24/turn    m - ring of magical power
MPRegen 0.14/turn

%: no passive effects
@: glowing
A: sense surroundings 1, otherworldly, glowing, explore regen
a: no special abilities


You were on level 1 of the Dungeon.
You visited 1 branch of the dungeon, and saw 3 of its levels.

You collected 52 gold pieces.

Inventory:

Hand Weapons
 a - a +1 sling (weapon)
Missiles
 e - 12 poisoned darts
Armour
 c - a +0 robe
 g - a +0 leather armour (worn)
Jewellery
 j - a +5 ring of evasion (left hand)
 m - a ring of magical power (right hand)
Scrolls
 b - 2 scrolls of poison
 h - a scroll of vulnerability {unknown}
 k - a scroll of blinking {unknown}
 l - a scroll of enchant armour {unknown}
 n - 2 scrolls of identify {unknown}
Potions
 d - a potion of heal wounds {unknown}
 f - a potion of lignification {unknown}
 i - a potion of haste {unknown}


   Skills:
 + Level 1.4 Fighting
 + Level 3.0 Ranged Weapons
 * Level 0.4 Armour
 + Level 3.0 Dodging
 + Level 1.4 Spellcasting
 + Level 4.1 Hexes


You had 3 spell levels left.
You knew the following spells:

 Your Spells              Type           Power      Damage    Failure   Level
a - Slow                  Hex            60%        N/A       4%          1

Your spell library contained the following spells:

 Spells                   Type           Power      Damage    Failure   Level
 Inner Flame              Hex/Fire       8%         N/A       34%         3
 Portal Projectile        Hex/Tloc       16%        N/A       34%         3
 Cause Fear               Hex            7%         N/A       45%         4


Dungeon Overview and Level Annotations

Branches:
Dungeon (3/15) Zot: 1147

Altars:


Innate Abilities, Weirdness & Mutations

You passively map a small area around you.
You are easily found by Zot.
You glow in the dark.
You regain HP and MP as you explore.


Message History

The gnoll blinks! x5; You blink.
The gnoll blinks!
The gnoll hits you from afar with a +0 halberd.
The gnoll completely misses you. The gnoll closely misses you.
The bat completely misses you. The gnoll completely misses you.
The gnoll attacks as you move away! The gnoll barely misses you.
The gnoll attacks as you move away! The gnoll completely misses you.
The bat hits you but does no damage. The gnoll completely misses you.
The gnoll attacks as you move away! The gnoll hits you with a +0 whip!
A ball python comes into view.
The ball python hisses angrily.
The bat closely misses you. The gnoll misses you.
There is an escape hatch in the ceiling here.
The gnoll barely misses you. x3; The bat completely misses you.
A mysterious force pulls you upwards. The hatch slams shut behind you.
You shoot a sling bullet.
The sling bullet barely misses the gnoll.
The gnoll hits you with a +0 whip! The gnoll hits you with a +0 whip.
* * * LOW HITPOINT WARNING * * *
Unknown command.
Casting: Slow (safe; 4% risk of failure)
Confirm with . or Enter, or press ? or * to list all spells.
Okay, then.
Casting: Slow (safe; 4% risk of failure)
Confirm with . or Enter, or press ? or * to list all spells.
Aiming: Slow (safe; 4% risk of failure)
Press: ? - help, Shift-Dir - straight line, f/p - gnoll
Aim: a gnoll, wielding a +0 whip (chance to affect: 57%)
The gnoll seems to slow down.
The gnoll hits you with a +0 whip.
* * * LOW HITPOINT WARNING * * *
The gnoll misses you.
Casting: Slow (safe; 4% risk of failure)
Confirm with . or Enter, or press ? or * to list all spells.
Aiming: Slow (safe; 4% risk of failure)
Press: ? - help, Shift-Dir - straight line, p - gnoll
Okay, then.
You shoot a sling bullet. The sling bullet hits the gnoll.
The gnoll is lightly wounded.
The gnoll hits you with a +0 whip.
You die...

#......†..# #...............
#.........# #...............
#.........####........#......
#####..†..'.........).#.#####
##....#...........#.....,
#....#..........†..#*
#....#...........#....
#....#....######.# * #
######g@..# #.# #..g.#
##.######. #....# #.........
#....# #.######## #....#
#.+....♣P# ###### #.#~~~..♣P
#.##~8.... #.#~~~..♣P
#.'....♣P#


You could see 2 gnolls.

Vanquished Creatures
  4 dart slugs
  7 bats
  2 endoplasms (D:1)
  A giant cockroach (D:1)
  A goblin (D:1)
  3 hobgoblins (D:2)
  2 jackals (D:2)
  2 frilled lizards (D:1)
  A kobold (D:2)
  7 rats
30 creatures vanquished.

Notes
Turn   | Place    | Note
-------+----------+-------------------------------------------
     0 | D:1      | monsoonserge the Meteoran Hexslinger began the quest for
                  | the Orb.
     0 | D:1      | Reached XP level 1. HP: 16/16 MP: 3/3
    23 | D:1      | Reached skill level 4 in Hexes
    24 | D:1      | Reached XP level 2. HP: 23/23 MP: 3/5
   334 | D:2      | Reached XP level 3. HP: 28/28 MP: 6/6
   627 | D:1      | Slain by a gnoll

Illustrated notes

Levels and vault maps discovered:
D:1:      tarquinn_simple_flora_water_d, layout_basic
D:2:      wander_river, layout_loops_corners, glass_columns_c,
          grunt_ministairs_15, minmay_fractal_squares_5
D:3:      layout_basic, nicolae_qazlal_scattered_showers,
          nicolae_uskayaw_en_pointe, mainiacjoe_overflow_chevrons, serial_shops,
          shop_fountains

Skill      XL: |  1  2  3 |
---------------+----------+-----
Hexes          | 4 |  4.1
Ranged Weapons | 3 |  3.0
Dodging        | 3 |  3.0
Fighting       | |  1.4
Armour         | |  0.4
Spellcasting   | |  1.4

Action                     || total
---------------------------++-------
   Fire: Sling             ||    74
   Cast: Slow              ||     5
 Armour: Robe              ||     8
         Leather armour    ||    10
  Dodge: Dodged            ||    60
